 Dungeon Crawl Stone Soup version 0.17-a0-1769-g54adf96 (webtiles) character file.

216 Psiweapon the Bolt Thrower (level 6, 0/36 HPs)
             Began as a Kobold Hunter on Sept 7, 2015.
             Slain by Eustachio
             ... wielding a +2 rapier of protection
              (2 damage)
             ... on level 4 of the Dungeon.
             The game lasted 00:12:04 (2855 turns).

Psiweapon the Bolt Thrower (Kobold Hunter)          Turns: 2855, Time: 00:12:04

Health: 0/36       AC:  6    Str: 16    XL:     6   Next: 16%
Magic:  6/6        EV: 16    Int: 10    God:
Gold:   135        SH:  0    Dex: 22    Spells: 0 memorised, 5 levels left

rFire  . . .     SeeInvis .     a - +1 hand crossbow
rCold  . . .     Clarity  .     h - +0 leather armour {MR+}
rNeg   . . .     SustAt   .     (shield restricted)
rPois  .         Gourm    .     (no helmet)
rElec  .         Spirit   .     (no cloak)
rCorr  .         Warding  .     (no gloves)
rMut   .         Stasis   .     (no boots)
MR     +....                    (no amulet)
Stlth  ++........               v - +5 ring of dexterity
                                q - +3 ring of protection

@: mighty, very slightly contaminated, hasted, very quick, somewhat resistant to
hostile enchantments, unstealthy
A: carnivore 3
a: no special abilities


You were on level 4 of the Dungeon.
You were very full.

You visited 1 branch of the dungeon, and saw 4 of its levels.

You collected 135 gold pieces.

Inventory:

Hand weapons
 a - a +1 hand crossbow (weapon)
 c - a +0 short sword
 m - a +1 dagger of draining
Missiles
 b - 26 bolts
 i - 2 bolts of frost (quivered)
Armour
 d - a +0 leather armour
 h - a +0 leather armour of magic resistance (worn)
Jewellery
 q - a +3 ring of protection (left hand)
 v - a +5 ring of dexterity (right hand)
 w - an uncursed ring of loudness
Scrolls
 f - 2 scrolls of teleportation
 j - 2 scrolls of remove curse
 k - 3 scrolls of amnesia
 s - a scroll of enchant armour {unknown}
 t - a scroll of recharging {unknown}
Potions
 g - 2 potions of haste
 l - a potion of lignification {unknown}
 n - 2 potions of agility {unknown}
 p - a potion of might
 r - a potion of brilliance {unknown}
 u - a potion of curing
Comestibles
 e - a meat ration
 o - a beef jerky
 z - a slice of pizza


   Skills:
 + Level 2.3 Fighting
 + Level 1.3 Short Blades
 + Level 7.5 Crossbows
 + Level 0.8 Armour
 + Level 3.0 Dodging
 + Level 2.2 Stealth


You had 5 spell levels left.
You didn't know any spells.

Dungeon Overview and Level Annotations

Branches:
Dungeon (4/15)
 Temple: D:4-7

Altars:
Elyvilon
Okawaru
Qazlal
Vehumet
Xom

Annotations:
D:2 Natasha
D:4 Eustachio


Innate Abilities, Weirdness & Mutations

You are small and have problems with some larger weapons.
You are carnivorous and can eat meat at any time.


Message History

Firing (i - inventory. (,) - cycle):
i - 4 bolts of frost (quivered)
Press: ? - help, Shift-Dir - straight line, f/p - Eustachio
Aim: Eustachio, wielding a rapier of protection and wearing a leather armour (heavily wounded, lightly drained)
You shoot a bolt of frost.
The bolt of frost closely misses Eustachio.
The ufetubus closely misses you. The ufetubus barely misses you.
The quokka bites you.
* * * LOW HITPOINT WARNING * * *
The ufetubus misses you.
The ufetubus hits you but does no damage.
Firing (i - inventory. (,) - cycle):
i - 3 bolts of frost (quivered)
Press: ? - help, Shift-Dir - straight line, f/p - Eustachio
Aim: Eustachio, wielding a rapier of protection and wearing a leather armour (heavily wounded, lightly drained)
You shoot a bolt of frost.
The bolt of frost closely misses Eustachio.
The bat closely misses you. The ufetubus hits you.
* * * LOW HITPOINT WARNING * * *
The ufetubus closely misses you.
Eustachio hits you with a rapier of protection.
You die...

.
..................
..
..................
...
..................
...
..................
.....##+##........
.....+...#....##+#
.....#...#....# ..
#.br'....+
#.@5#....#
#.@.#....#
##'##....#
........+
%........#
.........#
..........#
......#


You could see Eustachio, an ufetubus, a quokka and a bat.

Vanquished Creatures
  An orc wizard (D:3)
  Natasha (D:2)
  8 gnolls
  2 adders (D:2)
  An ooze (D:2)
  5 orcs (D:3)
  A ball python (D:2)
  5 bats
  2 giant cockroaches
  4 goblins
  9 hobgoblins
  3 jackals (D:2)
  3 quokkas
  A giant gecko (D:1)
  2 giant newts (D:1)
  13 kobolds
  6 rats
67 creatures vanquished.

Notes
Turn   | Place    | Note
--------------------------------------------------------------
     0 | D:1      | Psiweapon the Kobold Hunter began the quest for the Orb.
     0 | D:1      | Reached XP level 1. HP: 12/12 MP: 1/1
    42 | D:1      | Reached skill level 5 in Crossbows
   110 | D:1      | Reached XP level 2. HP: 17/17 MP: 2/2
   336 | D:2      | Reached XP level 3. HP: 21/21 MP: 3/3
   337 | D:2      | Noticed Natasha
   340 | D:2      | Killed Natasha
   340 | D:2      | Reached skill level 6 in Crossbows
   358 | D:2      | Reached XP level 4. HP: 26/26 MP: 4/4
   992 | D:2      | Found a radiant altar of Vehumet.
   992 | D:2      | Found an iron altar of Okawaru.
   992 | D:2      | Found a shimmering altar of Xom.
  1038 | D:2      | Reached XP level 5. HP: 29/31 MP: 5/5
  1144 | D:2      | Reached skill level 7 in Crossbows
  1202 | D:2      | Noticed Natasha
  1867 | D:3      | Reached skill level 1 in Short Blades
  1870 | D:3      | Reached XP level 6. HP: 36/36 MP: 6/6
  2420 | D:3      | Found a stormy altar of Qazlal.
  2665 | D:3      | Found a white marble altar of Elyvilon.
  2828 | D:4      | Noticed Eustachio
  2846 | D:4      | HP: 1/36 [white imp/puff of frost[Eustachio] (11)]
  2855 | D:4      | Slain by Eustachio

Vault maps used:
D:1:      dpeg_arrival_shrine
D:2:      gammafunk_temple_overflow_forgotten, uniq_natasha
D:3:      grunt_qazlal_clouds, nicolae_overflow_hidden_temple
D:4:      lemuel_crystal_altar, first_bread, uniq_robin, uniq_pikel,
          uniq_eustachio

Action                   |  1- 3 |  4- 6 || total
-------------------------+-------+-------++-------
Melee: Dagger            |     4 |    75 ||    79
 Fire: Hand crossbow     |    36 |    70 ||   106
  Use: Scroll            |       |     7 ||     7
       Potion            |       |     4 ||     4
  Eat: Chunk             |     6 |     7 ||    13
